 Dungeon Crawl Stone Soup version 0.31.0-11-ge490571c62 (webtiles) character file.

Game seed: 7027774804191472899

95 qw the Shooter (level 4, -2/25 HPs)
             Began as a Deep Elf Hunter on Feb 3, 2024.
             Slain by Grinder (9 damage)
             ... on level 3 of the Dungeon.
             The game lasted 00:00:49 (2511 turns).

qw the Shooter (Deep Elf Hunter)                    Turns: 2511, Time: 00:00:50

Health: -2/25      AC:  5    Str: 10    XL:     4   Next: 39%
Magic:  6/6        EV: 12    Int: 14    God:
Gold:   182        SH:  0    Dex: 18    Spells: 3/3 levels left

rFire   . . .        a - +0 shortbow
rCold   . . .        (shield currently unavailable)
rNeg    . . .        c - +0 leather armour
rPois   .            h - +1 helmet
rElec   .            (no cloak)
rCorr   .            (no gloves)
SInv    .            (no boots)
Will    .....        (no amulet)
Stlth   ++           (no ring)
HPRegen 0.24/turn    (no ring)
MPRegen 0.10/turn

%: no passive effects
@: hasted, very quick
A: no striking features
a: no special abilities


You were on level 3 of the Dungeon.
You visited 1 branch of the dungeon, and saw 3 of its levels.

You collected 182 gold pieces.


   Skills:
 - Level 1.5 Fighting
 + Level 7.8 Ranged Weapons
 - Level 2.4 Dodging
 - Level 1.2 Stealth


You had 3 spell levels left.
You didn't know any spells.
Your spell library was empty.

Inventory:

Hand Weapons
 a - a +0 shortbow (weapon)
Armour
 c - a +0 leather armour (worn)
 e - a +0 scale mail
 h - a +1 helmet (worn)
 j - a +0 ring mail
Jewellery
 b - a ring of ice
 f - a +6 ring of strength
 i - a ring of protection from cold
Potions
 d - a potion of enlightenment
 g - a potion of lignification {unknown}
 l - a potion of invisibility {unknown}
 m - a potion of attraction {unknown}

Dungeon Overview and Level Annotations

Branches:
Dungeon (3/15)

Altars:
Fedhas
Ru
Yredelemnul

Annotations:
D:3 Grinder


Message History

You shoot an arrow. The arrow hits Grinder.
Grinder is lightly wounded.
Grinder completely misses you.
You shoot an arrow. The arrow completely misses Grinder.
You shoot an arrow. The arrow hits Grinder.
Grinder is lightly wounded.
Grinder barely misses you.
You shoot an arrow. The arrow barely misses Grinder.
Grinder hits you!
You writhe in agony.
You shoot an arrow. The arrow closely misses Grinder.
Grinder hits you!
You writhe in agony.
You shoot an arrow. The arrow barely misses Grinder.
You shoot an arrow. The arrow hits Grinder.
Grinder is moderately wounded.
Grinder says, "Make like a tree!"
Grinder blinks!
You shoot an arrow. The arrow closely misses Grinder.
Grinder blinks!
2496 ||| FLEEEEING.
2497 ||| FLEEEEING.
2498 ||| FLEEEEING.
2499 ||| FLEEEEING.
You start resting.
Grinder is nearby!
2503 ||| FLEEEEING.
You start resting.
Grinder is nearby!
You shoot an arrow. The arrow barely misses Grinder.
You shoot an arrow. The arrow hits Grinder.
Grinder is moderately wounded.
You shoot an arrow.
The arrow hits Grinder but does no damage.
Grinder is moderately wounded.
You shoot an arrow. The arrow hits Grinder!
Grinder is moderately wounded.
You shoot an arrow. The arrow hits Grinder!
Grinder is severely wounded.
Grinder hits you!
You die...
Grinder sighs, "Dead already?
I want a refund."

##.## # #.#.# #
##################..########
#.......#................##.
#.#####.#.#####..#.##.##....
#.5.....#.#####..#.##.##...#
#.##.............>....##..#.
.....##.#.#####..#.##.......
#.......#.5@.....(.##.##..#.
#.#####.######.###........#.
# ..##.....# #.######...
####.###.###.# ###.
####.###.....# #.
##.......##..### #.
#.....##.......#######.
#..^.)##..#..#.........
#.....##..#..<.........


You could see Grinder.

Vanquished Creatures
  3 adders
  2 dart slugs (D:1)
  6 orcs
  3 ball pythons (D:1)
  8 endoplasms
  2 giant cockroaches
  4 goblins
  5 hobgoblins
  8 jackals (D:1)
  A kobold (D:2)
  A quokka (D:3)
  3 bats (D:1)
  2 frilled lizards (D:1)
  3 rats (D:1)
51 creatures vanquished.

Notes
Turn   | Place    | Note
-------+----------+-------------------------------------------
     0 | D:1      | qw the Deep Elf Hunter began the quest for the Orb.
     0 | D:1      | Reached XP level 1. HP: 12/12 MP: 3/3
     0 | D:1      | 0 ||| qw: Version: 0.3-a-155-g5e7d8dd
     0 | D:1      | 0 ||| qw: Game counter: 3221
     0 | D:1      | 0 ||| qw: Melee chars always use a shield: true
     0 | D:1      | 0 ||| qw: God list: Okawaru
     0 | D:1      | 0 ||| qw: Allow faded altars: false
     0 | D:1      | 0 ||| qw: Do Orc after clearing Dungeon:15 true
     0 | D:1      | 0 ||| qw: Do second Lair branch before Depths: true
     0 | D:1      | 0 ||| qw: Lair rune preference: random
     0 | D:1      | 0 ||| qw: Goals: Normal
     0 | D:1      | 0 ||| PLANNING D:1-11
   259 | D:1      | Reached XP level 2. HP: 16/16 MP: 4/4
   263 | D:1      | 263 ||| RETREEEEATING.
   264 | D:1      | 264 ||| RETREEEEATING.
   265 | D:1      | 265 ||| RETREEEEATING.
   266 | D:1      | 266 ||| RETREEEEATING.
   267 | D:1      | 267 ||| RETREEEEATING.
   268 | D:1      | 268 ||| RETREEEEATING.
   269 | D:1      | 269 ||| RETREEEEATING.
   270 | D:1      | 270 ||| RETREEEEATING.
   273 | D:1      | Reached skill level 6 in Ranged Weapons
   627 | D:1      | Found a faded altar of an unknown god.
   801 | D:1      | Reached XP level 3. HP: 20/20 MP: 5/5
  1023 | D:1      | 1023 ||| READING scroll labelled WAASUVV BOCROAMA.
  1124 | D:1      | 1124 ||| READING scroll labelled JASTUA VITUMOU.
  1124 | D:1      | 1124 ||| IDENTIFYING fizzy clear potion
  1125 | D:1      | 1125 ||| READING scroll labelled XOFA ITUREPAMA.
  1129 | D:1      | 1129 ||| READING scroll labelled VIRERI JYR IFI.
  1129 | D:1      | 1129 ||| ENCHANTING +0 shortbow.
  1130 | D:1      | 1130 ||| READING scroll labelled IRYBOA AV EFACK.
  1131 | D:1      | 1131 ||| DROPPING scroll of butterflies.
  1317 | D:2      | Reached skill level 7 in Ranged Weapons
  1356 | D:2      | Found a sacrificial altar of Ru.
  1824 | D:2      | 1824 ||| UPGRADING to +0 helmet.
  1829 | D:2      | 1829 ||| READING scroll of identify.
  1829 | D:2      | 1829 ||| IDENTIFYING green potion
  1830 | D:2      | 1830 ||| READING scroll labelled HECIMI XESOS.
  1831 | D:2      | 1831 ||| DRINKING 2 cyan potions.
  1835 | D:3      | 1835 ||| STAIRDANCE
  1841 | D:2      | HP: 5/20 [orc/+0 flail (5)]
  1842 | D:2      | 1842 ||| DRINKING potion of heal wounds.
  1910 | D:3      | Reached XP level 4. HP: 25/25 MP: 6/6
  1913 | D:3      | 1913 ||| STAIRDANCE
  1994 | D:3      | 1994 ||| READING scroll of enchant armour.
  1994 | D:3      | 1994 ||| ENCHANTING +0 helmet.
  2021 | D:3      | Found a blossoming altar of Fedhas.
  2264 | D:3      | 2264 ||| FLEEEEING.
  2265 | D:3      | 2265 ||| FLEEEEING.
  2266 | D:3      | 2266 ||| FLEEEEING.
  2267 | D:3      | 2267 ||| FLEEEEING.
  2268 | D:3      | 2268 ||| FLEEEEING.
  2269 | D:3      | 2269 ||| FLEEEEING.
  2433 | D:3      | Found a basalt altar of Yredelemnul.
  2486 | D:3      | Noticed Grinder
  2487 | D:3      | 2487 ||| DRINKING potion of haste.
  2492 | D:3      | HP: 5/25 [Grinder (7)]
  2496 | D:3      | 2496 ||| FLEEEEING.
  2497 | D:3      | 2497 ||| FLEEEEING.
  2498 | D:3      | 2498 ||| FLEEEEING.
  2499 | D:3      | 2499 ||| FLEEEEING.
  2503 | D:3      | 2503 ||| FLEEEEING.
  2511 | D:3      | Slain by Grinder

Levels and vault maps discovered:
D:1:      giann_forest_graveyard, layout_basic,
          hellmonk_ecumenical_altar_zigzags, serial_curves, eino_curves_01,
          eino_curves_02, eino_curves_03, hangedman_abyss_or_decor_stabs
D:2:      layout_loops_ring, basic_altar, grunt_decor_fettered
D:3:      layout_loops_cross, lemuel_coloured_pillars_altar,
          general_overflow_altar, serial_bayou_crossing, uniq_grinder

Skill      XL: |  1  2  3 |
---------------+----------+-----
Ranged Weapons | 6 7 |  7.8
Fighting       | |  1.5
Dodging        | |  2.4
Stealth        | |  1.2

Action                     |  1- 3 |  4- 6 || total
---------------------------+-------+-------++-------
   Fire: Shortbow          |   112 |    53 ||   165
    Use: Scroll            |     7 |     1 ||     8
         Potion            |     2 |     1 ||     3
 Armour: Leather armour    |    32 |     8 ||    40
  Dodge: Dodged            |    51 |     5 ||    56

Table legend:
 A = Non-vault XP
 B = Vault XP
 C = Vault XP percentage of total XP
 D = Non-vault monster count
 E = Vault monster count
 F = Vault count percentage of total count
                 A         B        C        D         E       F
            +---------+---------+-------+---------+---------+-------
      Total |     136 |       0 |   0.0 |      51 |       0 |   0.0
            +---------+---------+-------+---------+---------+-------
        D:1 |      53 |       0 |   0.0 |      30 |       0 |   0.0
        D:2 |      44 |       0 |   0.0 |       9 |       0 |   0.0
        D:3 |      39 |       0 |   0.0 |      12 |       0 |   0.0
            +---------+---------+-------+---------+---------+-------
